[Event "Sautron op 16th"]
[Site "Sautron"]
[Date "2016.10.22"]
[Round "6.8"]
[White "Shirazi, Kamran"]
[Black "Bogdanov, Egor"]
[Result "0-1"]
[ECO "D01"]
[WhiteElo "2336"]
[BlackElo "2400"]
[Annotator "RR"]
[PlyCount "162"]
[EventDate "2016.10.22"]
[EventType "swiss"]
[EventRounds "9"]
[EventCountry "FRA"]
[SourceTitle "EXT 2019"]
[Source "ChessBase"]
[SourceDate "2018.10.10"]
[SourceVersion "1"]
[SourceVersionDate "2018.10.10"]
[SourceQuality "1"]
[TimeControl "40/5400+30:1800+30"]
[WhiteClock "0:01:15"]
[BlackClock "0:28:06"]

1. d4 Nf6 2. Nc3 d5 3. Bg5 c5 (3... Nbd7) (3...
Bf5) 4. e4 $5 Nxe4 (4... dxe4 $143 5. d5 {
Un gambit Albin avec couleurs inversées}) 5. Nxe4 dxe4 6. dxc5 (6. d5 Qb6 7. Ne2 Qxb2 $13) 6... Qa5+ (6... Qxd1+ 7. Rxd1 Bd7 8. Be3 Nc6 9. f3 Bf5 10. c3 e6 11. Bb5
Be7 12. f4 Rd8 13. Ne2 Rxd1+ 14. Kxd1 Kd7 15. Kc1 Kc7 16. Nd4 {1/2-1/2 (16)
Hauser,J (2377)-Mut Company,G (2290) ICCF email 2012}) 7. Qd2 Qxc5 8. O-O-O Nc6 9. Be3 Qa5 {[%emt 0:07:00] Le plus simple pour freiner
l'initiative des Blancs} 10. Qxa5 Nxa5 11. Rd4 $146 (11. Bb5+ Nc6 12. Ne2 e6 13. Rd4 f5 14. Rhd1 Be7 15. Rc4 Bd7 16. Nd4
Rc8 17. Nxc6 Bxc6 18. Bxa7 Kf7 19. Bxc6 bxc6 20. Rd7 Rhd8 21. Rcd4 Ke8 22.
Rxd8+ Bxd8 23. Bc5 Bc7 24. h3 g5 25. Kd1 h5 26. Ke2 g4 {1/2-1/2 (26) Einarsson,
E (2085)-Van der Weide,K (2450) Reykjavik 1998}) (11. Ne2 Bg4 12. h3 Bxe2 13. Bxe2 $44 ) 11... f5 12. f3 {[%emt 0:00:12] Joué à tempo mais c'est un peu trop lent} (12.
Bb5+ Nc6 13. Ne2 Bd7 14. Rd2 (14. Bxc6 Bxc6 15. Ng3 e6 $15) 14... e6 (14... a6)
15. Rhd1) 12... Nc6 13. Bb5 Bd7 $132 14. Ra4 a6 15. fxe4 Rc8 $1 $132 16. Be2 b5
$1 17. Rxa6 Nb4 18. Ra7 Nxc2 $40 19. Bf2 fxe4 20. Rxd7 {
[%emt 0:07:46] L'ouverture a mal tourné pour le MI qui est contraint de
pêcher en eaux troubles mais à part la paire de B, il n'a pas beaucoup de
compensations} (20. Kb1 Bf5 ) 20... Kxd7 21.
Bxb5+ Ke6 $1 22. Ba6 Rc7 (22... Ra8 23. Bc4+) 23. Bg3 (23. Kb1) 23...
Rc5 24. Kb1 g6 25. Ne2 Bh6 (25...
Bg7 26. Rc1) 26. Nc3 Nb4 27. Be2 Bg7 28. Bg4+ Kf7 29.
Rf1+ Ke8 30. Na4 $6 (30.
Nxe4 $142 Rc4 31. Bf3 Kd7 (31... Rf8) 32. Rd1+ Rd4 33. Nc5+)
30... Rc6 31. Rd1 $44 {[%emt 0:02:37][%csl Gg4,Rh8][%cal
Gg4d7] Tant que les Noirs n'ont pas le temps de développer la Rh8, les Blancs
ont des petites compensations et le B de cases Blanches est très fort} Nd3 32. Be2 Rf8 $1 $17 33. a3 Rf5 34. Bxd3 exd3 35. Rxd3 Ra5 36. b3 Rf5 37. Rd1 Re6 38. Nb2 Re3 39. Nd3 Rd5 40. Kc2 e5 $1 41. Nc1 Rc5+ $1 {[%emt 0:08:57] Bloque le
K Blanc à l'aile-dame et la poussée de la majorité va être difficile à
réaliser} (41... Rxd1 $143 42. Kxd1 $13 ) 42. Kb1 Rec3 43. Be1 Rc2 $40 44. Nd3 Rc8 45. Rd2 R2c3 46. Rd1 (46. Kb2 $2 e4 ) 46... Rxb3+ 47. Ka2 Rb7 $19 48. Nb4 e4 49. Rd2 e3 50. Re2 Bd4 51. Nd5 Rc1 52. Bc3 Bc5 53. Bb4 Kf7 (53... Kd8 54. Bxc5 Rxc5 55. Nb4) (53... Bxb4 {
Plus rapide}) 54. Bxc5 Rxc5 55. Nxe3 Kg7 56. Nd1 h5 57. Nb2 h4 58. Nd3 Rc3 59. Nb4 Ra7 60. Nc2 Rd3 61. Kb2 g5 62. Kc1 Rf7 63. Kb2 Rf1 64. Ne1 Rd5 65. h3 Kf6 66. Nf3 Rb5+ 67.
Ka2 Ra5 68. Kb2 Kf5 69. Nd2 Rf4 70. Kb3 Rb5+ 71. Ka2 Rd5 72.
Nf3 Rd3 73. Rb2 Re4 74. Nh2 Ree3 $19 75. Rb5+ Kf4 76. Rb4+ Re4 77. Rb2 Ra4 78. Rb4+ Rxb4 79. axb4 Rd2+ 80. Kb3 Rxg2 81. Ng4 Rxg4 0-1